 Dungeon Crawl Stone Soup version 0.29.0-11-gd7f09526c8 (webtiles) character file.

Game seed: 16707982480906858995

397 Iusername the Chopper (level 6, 0/56 HPs)
             Began as a Minotaur Fighter on Sept 6, 2022.
             Was an Initiate of Dithmenos.
             Slain by Edmund
             ... wielding a +3 flail of holy wrath
              (10 damage)
             ... on level 4 of the Dungeon.
             The game lasted 00:05:47 (3706 turns).

Iusername the Chopper (Minotaur Fighter)            Turns: 3706, Time: 00:05:48

Health: 0/56       AC:  9    Str: 20    XL:     6   Next: 53%
Magic:  5/5        EV:  9    Int:  7    God:    Dithmenos [......]
Gold:   205        SH:  4    Dex: 10    Spells: 5/5 levels left

rFire   . . .      SeeInvis .   a - +0 war axe
rCold   . . .      Faith    .   c - +0 buckler
rNeg    . . .      Spirit   .   b - +0 scale mail
rPois   .          Reflect  .   (helmet restricted)
rElec   .          Harm     .   i - +0 cloak
rCorr   .          Rampage  .   m - +0 pair of gloves
Will    .....                   (no boots)
Stlth   ..........              (no amulet)
HPRegen 0.18/turn               q - +4 ring of slaying
MPRegen 0.09/turn               (no ring)

@: no status effects
A: horns 2, retaliatory headbutt
a: Renounce Religion


You were on level 4 of the Dungeon.
You worshipped Dithmenos.
Dithmenos was noncommittal.
You visited 2 branches of the dungeon, and saw 5 of its levels.

You collected 205 gold pieces.

Inventory:

Hand Weapons
 a - a +0 war axe (weapon)
Armour
 b - a +0 scale mail (worn)
 c - a +0 buckler (worn)
 i - a +0 cloak (worn)
 m - a +0 pair of gloves (worn)
Jewellery
 q - a +4 ring of slaying (left hand)
Scrolls
 j - a scroll of teleportation
 n - a scroll of magic mapping
Potions
 f - a potion of ambrosia {unknown}
 g - 2 potions of berserk rage {unknown}
 k - 3 potions of heal wounds {unknown}
 l - a potion of mutation {unknown}
 o - a potion of haste {unknown}


   Skills:
 + Level 5.0 Fighting
 + Level 5.3 Axes
 + Level 5.0 Armour
 + Level 1.8 Dodging
 + Level 0.7 Stealth
 + Level 4.8 Shields


You had 5 spell levels left.
You didn't know any spells.
Your spell library was empty.

Dungeon Overview and Level Annotations

Branches:
Dungeon (4/15)             Temple (1/1) D:4

Altars:
Ashenzari
Cheibriados
Dithmenos
Yredelemnul
Zin

Shops:
D:2 [

Annotations:
D:4 Edmund


Innate Abilities, Weirdness & Mutations

You have a pair of horns on your head.
You reflexively headbutt those who attack you in melee.


Message History

The hobgoblin shouts!
You block Edmund's attack.
You slash Edmund! You headbutt Edmund.
Edmund is lightly wounded.
Edmund hits you with a +3 flail of holy wrath.
You completely miss Edmund.
Edmund is lightly wounded.
Edmund hits you with a +3 flail of holy wrath.
You barely miss Edmund. Your headbutt misses Edmund.
Edmund is lightly wounded.
You slash the hobgoblin!
You kill the hobgoblin!
Dithmenos accepts your kill.
Edmund hits you with a +3 flail of holy wrath.
Edmund closely misses you. You furiously retaliate!
You headbutt Edmund. You hit Edmund.
Edmund is moderately wounded.
You block Edmund's attack.
You closely miss Edmund.
Edmund is moderately wounded.
Edmund hits you with a +3 flail of holy wrath!
You hit Edmund but do no damage.
Edmund is moderately wounded.
Edmund hits you with a +3 flail of holy wrath!
You slash Edmund!
Edmund is heavily wounded.
Edmund hits you with a +3 flail of holy wrath!
You slash Edmund! You headbutt Edmund.
Edmund is severely wounded.
Edmund hits you with a +3 flail of holy wrath!
* * * LOW HITPOINT WARNING * * *
You block Edmund's attack.
You barely miss Edmund.
Edmund is severely wounded.
Edmund hits you with a +3 flail of holy wrath.
* * * LOW HITPOINT WARNING * * *
You hit Edmund but do no damage. You headbutt Edmund.
Edmund is almost dead.
Edmund hits you with a +3 flail of holy wrath!
You die...

*,*,,,*,*,,,**,******************
*,***,***......,,,,,,,,,,,,,,,,,,
*,***,,,,......***,,,,,,,********
*,,,,,,,,.(....* *******,,,,,,,,*
*****,,,,......#### ********,,
*,,,,.........##############+
*,,,,................[>...#..
*,,,,......†............#'#..
*>,,,.!....@@.########.##....
*,,,,.........# #<.###..
*,,,,......##.## ###..#.+..
*<,,,......*#..#####..#+#.###
*****##.##*###..#....##.....#
#..* #......##'##.....'
*#.###.###..#...#.....#
#.....#..#'#...#+#.###
#######...#..##.......#.'..


You could see Edmund.

Vanquished Creatures
  Sigmund (D:3)
  Blork the orc (D:4)
  A jelly (D:4)
  3 gnolls (D:4)
  6 adders
  A dart slug (D:2)
  2 orcs
  7 ball pythons
  10 endoplasms
  4 giant cockroaches
  7 hobgoblins
  3 jackals (D:4)
  5 kobolds
  3 quokkas
  3 bats (D:2)
  2 frilled lizards (D:2)
  2 goblins (D:1)
  4 rats
65 creatures vanquished.

Vanquished Creatures (others)
  4 plants (D:3)
4 creatures vanquished.

Grand Total: 69 creatures vanquished

Notes
Turn   | Place    | Note
-------+----------+-------------------------------------------
     0 | D:1      | Iusername the Minotaur Fighter began the quest for the Orb.
     0 | D:1      | Reached XP level 1. HP: 19/19 MP: 0/0
   540 | D:1      | Reached XP level 2. HP: 27/27 MP: 1/1
   748 | D:1      | Found a faded altar of an unknown god.
  1203 | D:2      | Reached XP level 3. HP: 33/33 MP: 2/2
  1252 | D:2      | Reached skill level 1 in Dodging
  1549 | D:2      | Found Cauttig's Armour Boutique.
  1666 | D:2      | Reached XP level 4. HP: 35/41 MP: 3/3
  2099 | D:3      | Noticed Sigmund
  2107 | D:3      | Killed Sigmund
  2108 | D:3      | Reached XP level 5. HP: 35/47 MP: 4/4
  2474 | D:3      | Identified the +2 sling of Dowdy Conscience {freeze, Str+4}
  2562 | D:3      | Found a basalt altar of Yredelemnul.
  3065 | D:4      | Reached XP level 6. HP: 41/55 MP: 5/5
  3066 | D:4      | Reached skill level 5 in Axes
  3079 | D:4      | Found a staircase to the Ecumenical Temple.
  3079 | D:4      | Noticed Blork the orc
  3089 | D:4      | Killed Blork the orc
  3090 | D:4      | Reached skill level 5 in Fighting
  3471 | Temple   | Entered the Ecumenical Temple
  3510 | Temple   | Became a worshipper of Dithmenos the Shadowed
  3674 | D:4      | Reached skill level 5 in Armour
  3692 | D:4      | Noticed Edmund
  3706 | D:4      | Slain by Edmund

Illustrated notes

Levels and vault maps discovered:
D:1:      dpeg_arrival_lava_altar, layout_basic,
          hellmonk_ecumenical_altar_arch_garden
D:2:      layout_basic, serial_shops, shop, st_stairs_7
D:3:      layout_rooms, mainiacjoe_overflow_small_starburst, serial_forest,
          infiniplex_forest_clump_long, infiniplex_forest_lined_3,
          infiniplex_forest_clump_large, infiniplex_forest_end_3,
          infiniplex_forest_corner_1, infiniplex_forest_zigzag_2, uniq_sigmund
D:4:      nicolae_cairo_tiling_large, layout_rooms, minmay_quantized,
          uniq_blork_the_orc, uniq_edmund
Temple:   dpeg_five_rooms_temple

Skill      XL: |  1  2  3  4  5  6 |
---------------+-------------------+-----
Fighting       | 4 5 |  5.0
Armour         | 4 5 |  5.0
Shields        | 4 |  4.8
Dodging        | 1 |  1.8
Axes           | 3 4 5 |  5.3
Stealth        | |  0.7

Action                   |  1- 3 |  4- 6 || total
-------------------------+-------+-------++-------
Melee: War axe           |    63 |    63 ||   126
       Headbutt          |    10 |    15 ||    25
Throw: Throwing net      |       |     1 ||     1
  Use: Potion            |       |     1 ||     1
       Scroll            |       |     6 ||     6
Armor: Scale mail        |    27 |    26 ||    53
Dodge: Dodged            |    27 |    22 ||    49
Block: Buckler           |    15 |    16 ||    31
